[Event "*** SCC Grand Prix: Titled Tuesday Blitz"]
[Site "Chess.com"]
[Date "2020.10.13"]
[Round "7"]
[White "djano"]
[Black "albi1999"]
[Result "0-1"]
[WhiteElo "2456"]
[BlackElo "2621"]
[TimeControl "180+1"]
[EndTime "11:18:24 PDT"]
[Termination "albi1999 won on time"]

1. d4 Nf6 2. Nf3 d5 3. Bf4 c5 4.
e3 Nc6 5. Nbd2 e6 6. c3 cxd4 7.
exd4 Nh5 8. Be3 Bd6 9. Ne5 Nf6 10. f4 Qb6 11. Qb3 Ng8 12. Qxb6 axb6 13. a3 f6 14. Nd3 Nh6 15. Be2 Bd7 16. g4 Na5 17. Rg1 Bb5 18. Nb4 Bxe2 19. Kxe2 f5 20. g5 Nf7 21. h4 Kd7 22.
Nd3 Nd8 23. h5 Ndc6 24. Rae1 Nc4 25. Nf3 b5 26. Bc1 Rhe8 27. Kf2 N6a5 28. Re2 Nb3 29.
Rge1 Rac8 30. Kg3 Rc6 31. Be3 Bb8 32. Bc1 Rec8 33. Be3 Re8 34. Bg1 Ra6 35. Bh2 Nd6 36. Nfe5+ Kc8 37. Nf2 Na5 38. Kf3 Ne4 39. Nxe4 dxe4+ 40.
Kg3 Bxe5 41. fxe5 Nc4 42. Kf4 Nb6 43. Bg1 Nd5+ 44. Kg3 Rc6 45. Be3 Rf8 46. Bf4 Kc7 47. Rf1 Kb6 48. Rfe1 Rcc8 49. Rf1 Ka5 50. Rb1 Ka4 51.
Rc1 Kb3 52. Rf1 Kc4 53. Rd1 Rc6 54. Rc1 Ra8 55. Rd1 Rh8 56. Rc2 g6 57. h6 Ra8 58.
Re2 Kb3 59. Rb1 b4 60. axb4 Ra2 61. b5 Rb6 62. c4 Kxc4 63. b3+ Kd3 64. Rxa2 e3 65.
Rd1+ Ke4 66. Re1 Nxf4 67. Rb2 Nd5 68. b4 f4+ 69. Kg4 Rxb5 70. Rb3 Rxb4 71. Rxb4 Nxb4 72. Rf1 Nd3 73. Rf3 e2 74. Re3+ Kxe3 0-1

[Event "*** SCC Grand Prix: Titled Tuesday Blitz"]
[Site "Chess.com"]
[Date "2020.10.13"]
[Round "7"]
[White "tornikesanikidze"]
[Black "eljanov"]
[Result "1/2-1/2"]
[WhiteElo "2702"]
[BlackElo "2859"]
[TimeControl "180+1"]
[EndTime "11:18:26 PDT"]
[Termination "Game drawn - insufficient material"]

1. d4 Nf6 2. c4 e6 3. Nf3 d5 4.
Nc3 Bb4 5. cxd5 exd5 6. Bg5 h6 7. Bh4 c5 8. e3 c4 9. Be2 g5 10. Bg3 Nc6 11. O-O Bxc3 12. bxc3 Ne4 13. Rc1 O-O 14.
Nd2 Re8 15. Nxe4 Rxe4 16. Qd2 Re8 17. f3 Bf5 18. e4 dxe4 19. fxe4 Bxe4 20. Bxc4 Bg6 21.
Rf2 Na5 22. Bb5 Re7 23. Rcf1 Qd5 24. Bd3 Nc4 25. Bxc4 Qxc4 26. Be5 Re6 27. h4 Rd8 28. Qe3 Rc8 29. h5 Bxh5 30. Qh3 Bg6 31. Qxh6 Rxe5 32. dxe5 Qh4 33. Qxh4 gxh4 34. Rc1 Rc4 35. Rd2 Ra4 36. c4 Bf5 37. Rc3 b6 38. c5 bxc5 39. Rxc5 Be6 40.
Rcc2 Kg7 41. Kf2 Kg6 42. Re2 Kg5 43. Rb2 a5 44. Rbc2 Ra3 45. Re3 Ra4 46. a3 Rd4 47. Rc5 a4 48. Ra5 Rd2+ 49. Re2 Rd4 50. Ke3 Rc4 51. Kd3 Rg4 52. Rf2 Rg3+ 53. Kd4 Rxa3 54. Kc5 Re3 55. Kb4 Re4+ 56. Ka3 Bb3 57. e6+ Kg6 58. exf7 Bxf7 59. Ra6+ Be6 60. Rxa4 Rxa4+ 61. Kxa4 Kg5 62. Kb4 Kg4 63. Kc3 Kg3 64. Re2 Bd5 65. Rd2 Bxg2 66. Rd8 h3 67. Rh8 h2 68. Rxh2 Kxh2 1/2-1/2

[Event "*** SCC Grand Prix: Titled Tuesday Blitz"]
[Site "Chess.com"]
[Date "2020.10.13"]
[Round "7"]
[White "Indianlad"]
[Black "kuban1991"]
[Result "1/2-1/2"]
[WhiteElo "2912"]
[BlackElo "2821"]
[TimeControl "180+1"]
[EndTime "11:18:27 PDT"]
[Termination "Game drawn - insufficient material"]

1. Nf3 g6 2. e4 Bg7 3. d4 c6 4. Bd3 d5 5. Nbd2 dxe4 6. Nxe4 Nf6 7. O-O O-O 8. Re1 Nbd7 9. c3 b6 10. Bf4 Bb7 11. Qd2 c5 12. Bh6 cxd4 13. Nxd4 Nc5 14. Nxf6+ exf6 15. Bxg7 Kxg7 16. Bf1 f5 17. Rad1 Qf6 18. f3 Rfe8 19. b4 Ne6 20. Nxe6+ Rxe6 21. Rxe6 Qxe6 22. Qd4+ Kg8 23. Bc4 Qe7 24. Qd7 Re8 25.
Qxe7 Rxe7 26. Bb3 b5 27. Kf2 Rc7 28. Rc1 Rd7 29. c4 bxc4 30. Rxc4 Ba6 31. Rc2 Rb7 32. a3 f4 33. Bc4 Bxc4 34. Rxc4 g5 35. g3 fxg3+ 36. hxg3 Rd7 37. Rc5 h6 38. g4 Kg7 39.
Ra5 Kg6 40. Ra6+ f6 41. b5 Rb7 42. a4 Re7 43. Kf1 Rf7 44. Ke2 h5 45. gxh5+ Kxh5 46.
Rc6 Kg6 47. a5 Kf5 48. a6 Kf4 49. Rc8 f5 50. Rb8 Rc7 51. Rb7 Rc2+ 52. Kd3 Rb2 53. Kc4 Kxf3 54. Rxa7 g4 55. Rg7 g3 56. a7 Ra2 57. b6 g2 58. Rxg2 Kxg2 59. b7 Rxa7 60.
b8=Q Rg7 61. Qe5 Rg4+ 62. Kd3 f4 63. Qf5 Rg3+ 64. Ke2 f3+ 65. Ke3 f2+ 66. Ke2 Re3+ 67. Kxe3 f1=Q 68. Qg4+ Kh1 69. Qh4+ Kg1 70. Qg4+ Qg2 71.
Qxg2+ Kxg2 1/2-1/2

[Event "*** SCC Grand Prix: Titled Tuesday Blitz"]
[Site "Chess.com"]
[Date "2020.10.13"]
[Round "7"]
[White "gumimis"]
[Black "WiktoriaPOL"]
[Result "1-0"]
[WhiteElo "2241"]
[BlackElo "2051"]
[TimeControl "180+1"]
[EndTime "11:18:30 PDT"]
[Termination "gumimis won on time"]

1. e4 c5 2. Nf3 g6 3. d4 cxd4 4.
Nxd4 Nc6 5. c4 Nf6 6. Nc3 d6 7.
Be3 Ng4 8. Nxc6 bxc6 9. Bg5 h6 10.
Bd2 Qb6 11. Qf3 Bg7 12. Be2 Ne5 13. Qe3 Qxb2 14. O-O Qa3 15. f4 Nd7 16. f5 g5 17.
Kh1 O-O 18. Rab1 Qc5 19. Qh3 Qd4 20. Rfd1 Ba6 21. Be1 Qe5 22. Rbc1 e6 23. Bg3 Qf6 24. Bxd6 Rfd8 25. fxe6 Qxe6 26. Qxe6 fxe6 27. Bg4 Bxc4 28. Na4 Bxa2 29. Nc5 Nxc5 30. Bxc5 Bb3 31. Rxd8+ Rxd8 32. Bxa7 Rc8 33. g3 c5 34. Rxc5 Rxc5 35. Bxc5 Kf7 36. Kg2 Bc2 37. Kf3 e5 38. Bf5 Bf6 39. Bc8 Ke8 40. Bb7 Kd7 41. Bf8 h5 42. Bd5 g4+ 43. Ke2 Bg5 44. Bf7 Kc6 45. Bxh5 Bxe4 46. Bxg4 Bg6 47. h4 Bh6 48. h5 Bh7 49. Bxh6 e4 50.
Be3 Kd5 51. h6 Ke5 52. Bc8 Kf6 53. Bd4+ Kg5 54. Bg7 Kg6 55. Ke3 Kg5 56. g4 Kg6 57. Bf5+ Kg5 58. Bxh7 Kxg4 59. Kxe4 Kh5 60. Bf5 Kh4 61. h7 Kg5 62. Bf6+ Kxf6 63. h8=Q+ 1-0

[Event "*** SCC Grand Prix: Titled Tuesday Blitz"]
[Site "Chess.com"]
[Date "2020.10.13"]
[Round "7"]
[White "ExcitingTrap"]
[Black "banane_verte"]
[Result "1-0"]
[WhiteElo "2314"]
[BlackElo "2425"]
[TimeControl "180+1"]
[EndTime "11:18:43 PDT"]
[Termination "ExcitingTrap won by resignation"]

1. e4 d5 2. exd5 Qxd5 3. Nc3 Qa5 4. d4 Nf6 5. Nf3 Bf5 6. Bc4 e6 7. Bd2 c6 8. Nd5 Qd8 9. Nxf6+ Qxf6 10. c3 Bd6 11.
O-O Bg4 12. Be2 O-O 13. h3 Bxf3 14. Bxf3 Nd7 15. Re1 Rfe8 16. Qc1 h6 17. Qc2 Bf4 18. Rad1 Rad8 19. Bxf4 Qxf4 20. Re4 Qc7 21. Rde1 Nf6 22. Re5 Nd7 23. R5e4 Nf6 24. Re5 Rd7 25. a4 a5 26. g3 Red8 27. Qb3 Nd5 28. Kg2 Ne7 29. h4 Ng6 30. Rxe6 fxe6 31. Qxe6+ Kf8 32. Qxg6 Qd6 33. Qh7 Qf6 34. Re5 Qf7 35. Rf5 Qxf5 36. Qxf5+ Ke7 37. Qe5+ Kf8 38. Bg4 Re7 39. Be6 Ke8 40. Qf5 Rd6 41. Bb3 Rdd7 42. g4 Kd8 43. g5 hxg5 44. hxg5 Kc7 45.
g6 b6 46. Qf8 Kb7 47. Bf7 c5 48. d5 Re5 49. Be6 Rg5+ 50. Kf3 Rc7 51. Qxg7 Rxg7 52. Kf4 R5xg6 53. Ke5 Rg2 54. f4 Re2+ 55. Kd6 Rg6 56. f5 Rg1 57. f6 Rf1 58. f7 Ref2 59. Ke7 Rf3 60. d6 Kc6 61. d7 Rd1 62. d8=Q Rxd8 63. Kxd8 Kd6 64. Ke8 Rf6 65. Bb3 Rf5 66. f8=Q+ Rxf8+ 67.
Kxf8 Kc6 68. Ke7 b5 69. axb5+ Kxb5 70. Kd6 c4 71. Bc2 a4 72. Kd5 a3 73. bxa3 Ka5 74.
Kxc4 Kb6 75. Kb4 Kc6 76. c4 Kb6 77. c5+ Kc7 78. Kc4 Kb7 79. Kd5 Kc7 80. c6 1-0

[Event "*** SCC Grand Prix: Titled Tuesday Blitz"]
[Site "Chess.com"]
[Date "2020.10.13"]
[Round "7"]
[White "PavelShkapenko"]
[Black "emiliocordova"]
[Result "1-0"]
[WhiteElo "2733"]
[BlackElo "2821"]
[TimeControl "180+1"]
[EndTime "11:18:47 PDT"]
[Termination "PavelShkapenko won by resignation"]

1. e4 c5 2. c3 d5 3. exd5 Qxd5 4.
Nf3 Nc6 5. d4 Nf6 6. Be2 cxd4 7.
cxd4 e6 8. O-O Be7 9. Nc3 Qa5 10.
Bf4 O-O 11. Ne5 Rd8 12. Nc4 Qf5 13. Be3 b6 14. Bd3 Qg4 15. Be2 Qh4 16. g3 Qh3 17. Bf3 Bb7 18. Bg2 Qf5 19. Qf3 Qxf3 20. Bxf3 Rac8 21. Ne5 Na5 22. Bxb7 Nxb7 23. Rfd1 Bb4 24. Rac1 Na5 25. Bg5 Bxc3 26. bxc3 Nc4 27. Bxf6 gxf6 28. Nd3 a5 29. Nf4 f5 30. Rb1 Rd6 31. Rb3 e5 32. Ne2 Re8 33. Kg2 f4 34. gxf4 e4 35. Ng3 Rg6 36. Rb5 Kf8 37. Rg5 Rf6 38. Rf5 Rc6 39. Rh5 h6 40. Re1 e3 41. fxe3 Rxe3 42. Rxe3 Nxe3+ 43.
Kf3 Rxc3 44. Ke4 Ng4 45. Kf5 Ne3+ 46. Ke4 Kg7 47. Rb5 Nc4 48. Rh5 Kg6 49. f5+ Kg7 50. Rh4 Nd6+ 51. Ke5 Nc4+ 52. Ke4 b5 53. Rg4+ Kf8 54.
Rh4 Re3+ 55. Kd5 Kg7 56. Nh5+ Kf8 57. Ng3 Ra3 58. Kc5 Rxa2 59. Kxb5 Ne3 60. f6 a4 61. Rxh6 Kg8 62. d5 a3 63. d6 Rd2 64. Rh4 Rd5+ 65. Kc6 a2 66. Ra4 Rd2 67. d7 Kh7 68. Rxa2 Rxa2 69.
d8=Q Ra6+ 70. Kb5 Re6 71. Kc5 Ng4 72. Qf8 Rxf6 73. Ne4 Rf5+ 74. Kd4 Nh6 75. Nd6 Rf4+ 76. Ne4 Nf5+ 77. Ke5 Ng7 78. Qxg7+ Kxg7 79. Kxf4 Kh6 80. Ng3 Kg6 81. Kg4 Kh6 82. Nf5+ Kg6 83. h4 Kh7 84. h5 Kg8 85. Kg5 Kh7 86. Kf6 Kg8 87. Ke7 Kh7 88. Kxf7 Kh8 89. Kg6 1-0

[Event "*** SCC Grand Prix: Titled Tuesday Blitz"]
[Site "Chess.com"]
[Date "2020.10.13"]
[Round "7"]
[White "AurumO"]
[Black "Pavalamalli"]
[Result "0-1"]
[WhiteElo "1922"]
[BlackElo "2290"]
[TimeControl "180+1"]
[EndTime "11:18:49 PDT"]
[Termination "Pavalamalli won on time"]

1. e4 c5 2. c3 d5 3. exd5 Qxd5 4. d4 cxd4 5. cxd4 Nc6 6. Nf3 Nf6 7. Nc3 Qd8 8. d5 Nb4 9. Qa4+ Qd7 10. Qxb4 Nxd5 11. Nxd5 Qxd5 12. Bb5+ Bd7 13. Bxd7+ Qxd7 14. O-O e6 15.
Qe4 Be7 16. Bf4 O-O 17. Rfd1 Qb5 18. Qe5 Qb4 19. Bd2 Qg4 20. Qg3 Qf5 21. Bc3 g6 22. Qe5 Qxe5 23. Bxe5 Rac8 24. Rac1 Rfd8 25. h4 f6 26. Bc3 e5 27. h5 gxh5 28. Nh4 Kf7 29. Nf5 Bc5 30. a3 Ke6 31. Ng3 h4 32. Ne4 Be7 33. Rxd8 Rxd8 34. Re1 Rg8 35. Nd2 Bd6 36. Nf3 h3 37. g3 Kf5 38. Kh2 Bc5 39. Re2 Kg4 40.
Nd2 Rd8 41. Ne4 Be7 42. Nd2 Rd3 43. f3+ Kg5 44. Kxh3 Kg6 45. Ne4 Rxf3 46. Kg2 Rd3 47. Nf2 Rd5 48. Rd2 Rb5 49. Ne4 f5 50. Nd6 Rb6 51. Nc4 Re6 52. Nxe5+ Kh5 53. Kf3 Bf6 54.
Rh2+ Kg5 55. Nd3 Bxc3 56. bxc3 Rc6 57. Rc2 Ra6 58. Ra2 Rc6 59. Rc2 Rc4 60. Ne5 Ra4 61.
Nf7+ Kf6 62. Nd6 b6 63. Nb5 Ra5 64. Nd4 Rxa3 65. Kg2 a5 66. Rf2 Rxc3 67. Rxf5+ Kg6 68. Rb5 Rd3 69. Nf3 Rd6 70. Nh4+ Kg7 71. Kh3 Kf7 72. Nf5 Rf6 73. Nh4 a4 74. g4 a3 75.
Ng2 a2 0-1

[Event "*** SCC Grand Prix: Titled Tuesday Blitz"]
[Site "Chess.com"]
[Date "2020.10.13"]
[Round "7"]
[White "Forantes"]
[Black "LubovMarkelova"]
[Result "1-0"]
[WhiteElo "2441"]
[BlackElo "2247"]
[TimeControl "180+1"]
[EndTime "11:18:50 PDT"]
[Termination "Forantes won by resignation"]

1. Nf3 d5 2. g3 Nf6 3. Bg2 Bf5 4. O-O h6 5. d4 c6 6. c4 e6 7. Nc3 Be7 8. Nd2 Nbd7 9. e4 dxe4 10. Ndxe4 Nxe4 11. Nxe4 O-O 12. Re1 Nf6 13. Nc3 Qb6 14. Qb3 Rfd8 15. d5 Bc5 16. Qxb6 axb6 17. dxc6 bxc6 18. Bxc6 Rac8 19. Bf3 Bd3 20. b3 Bd4 21. Bb2 b5 22.
Red1 bxc4 23. bxc4 Bxc4 24. Na4 Bxb2 25. Rxd8+ Rxd8 26. Nxb2 Bd5 27. Be2 Rb8 28. Nc4 Ne4 29. a4 Rb4 30.
Ne3 Nc3 31. Bd1 Be4 32. a5 f5 33. a6 g5 34. a7 Ba8 35. Bh5 Rb1+ 36. Rxb1 Nxb1 37. Nc4 Nc3 38. Nb6 Bb7 39. a8=Q+ Bxa8 40. Nxa8 Kg7 41. Nc7 Kf6 42. f4 e5 43. Ne8+ Ke6 44. fxe5 Kxe5 45. Kf2 f4 46. g4 Ne4+ 47. Ke2 Nc3+ 48.
Kf3 Nd5 49. Bg6 Ne7 50. Bd3 Nc6 51. Kf2 Nd4 52. Ng7 Kf6 53. Nf5 Ne6 54. Nxh6 Nd4 55. Nf5 Nc6 56. Be4 Ne5 57. h3 Nf7 58. Bd5 Ne5 59.
Be4 Nc4 60. Bc2 Ke5 61. Nh6 Kf6 62. Ng8+ Ke5 63. Ne7 Nd6 64. Nc6+ Kf6 65. Kf3 Nc4 66. Bd3 Ne5+ 67. Nxe5 Kxe5 68. Bf5 Kf6 69. Ke4 Kg7 70. Bc8 Kh6 71. Bb7 Kg6 72. Ke5 Kh6 73. Bf3 Kg6 74. Ke6 Kg7 75. Kf5 Kh6 76. Kf6 Kh7 77. Kxg5 1-0

[Event "*** SCC Grand Prix: Titled Tuesday Blitz"]
[Site "Chess.com"]
[Date "2020.10.13"]
[Round "7"]
[White "BursaBBSatranc"]
[Black "Sergienko_Sergey"]
[Result "1-0"]
[WhiteElo "2592"]
[BlackElo "2397"]
[TimeControl "180+1"]
[EndTime "11:19:13 PDT"]
[Termination "BursaBBSatranc won by resignation"]

1. d4 Nf6 2. Bf4 d6 3. e3 g6 4. Nf3 Bg7 5. h3 O-O 6. Be2 c5 7. c3 b6 8. O-O Bb7 9. a4 a6 10.
Nbd2 Nbd7 11. Bh2 Ne4 12. Qb3 Nxd2 13. Nxd2 Rc8 14. Nf3 cxd4 15. exd4 Nf6 16. Rfe1 Bd5 17. Qd1 a5 18. Nd2 Qd7 19. Bf3 Bxf3 20. Qxf3 Rfe8 21. Re2 Qc6 22. Qd3 e6 23. Nf3 Red8 24. Ne1 Qc4 25. Qd1 Nd5 26. Nc2 Qc6 27. Ne3 Nxe3 28. fxe3 d5 29. Qd3 Qc4 30. Qc2 Qc6 31. Qb3 Rd7 32. Rae1 Rb7 33. e4 dxe4 34. Rxe4 Qc4 35. Qxc4 Rxc4 36. Ra1 Kf8 37. Kf2 Rd7 38. Ke2 Ke8 39.
Be5 Bf8 40. Kd3 Rc8 41. Bg3 Bd6 42. Bxd6 Rxd6 43. Re5 Kd7 44. g4 f5 45. gxf5 gxf5 46. Rg1 Kc6 47. Rg7 Rc7 48. Rg5 Rf7 49. Rh5 Kd7 50. Rh6 Ke7 51. Ke3 Kd7 52. Kf4 Ke7 53. h4 Kd7 54. Rh5 Ke7 55. Rg5 Kd7 56. h5 Ke7 57. h6 Kf6 58. Rg8 Re7 59. Re2 Rf7 60.
Re3 Re7 61. Rg5 Rf7 62. Re5 Re7 63. Rg2 Rf7 64. Rg3 Re7 65. Re2 Rf7 66. Reg2 Re7 67. Rg7 e5+ 68. dxe5+ Rxe5 69. R7g3 Re4+ 70. Kf3 Rde6 71. Kf2 Re2+ 72. Kg1 Rxg2+ 73. Rxg2 f4 74. Rg7 Kf5 75. Rxh7 Rg6+ 76. Kf2 Kg4 77. Rf7 Rxh6 78.
Rg7+ Kf5 79. b4 Rf6 80. bxa5 bxa5 81. Ra7 Rc6 82. Rxa5+ Ke4 83. Ra8 Rxc3 84. Re8+ Kd3 85. Kf3 Ra3 86. Re4 Rxa4 87. Rxa4 Kc3 88. Rxf4 1-0

[Event "*** SCC Grand Prix: Titled Tuesday Blitz"]
[Site "Chess.com"]
[Date "2020.10.13"]
[Round "7"]
[White "LiamVrolijk"]
[Black "Msb2"]
[Result "1-0"]
[WhiteElo "2853"]
[BlackElo "2928"]
[TimeControl "180+1"]
[EndTime "11:20:18 PDT"]
[Termination "LiamVrolijk won by checkmate"]

1. d4 Nf6 2. c4 e6 3. Nf3 d5 4.
Nc3 Bb4 5. cxd5 exd5 6. Bf4 O-O 7. e3 c6 8. h3 Bf5 9. Nh4 Be4 10. Qb3 Qe7 11. Be2 h6 12. Nf3 Bh7 13. O-O Nbd7 14. a3 Bxc3 15. bxc3 b5 16. a4 a6 17. Ne5 Nxe5 18. Bxe5 Ne4 19. Ra2 f6 20. Bh2 Rfe8 21. Rfa1 Rad8 22. axb5 axb5 23. Ra7 Rd7 24. Rxd7 Qxd7 25.
Qa3 Bg6 26. Ra2 Qe6 27. Bf1 Kh7 28. Bf4 h5 29. f3 Ng5 30. Kf2 Qf5 31. Rd2 h4 32.
Bd3 Qe6 33. Be2 Nf7 34. Ra2 Bf5 35. Qc1 Nd6 36. Ra6 Nc4 37. Bxc4 bxc4 38. Ra7 Kh8 39. Bh2 Bd3 40. Qd2 Re7 41. Ra8+ Kh7 42. Qe1 Rb7 43.
Ra1 Rb2+ 44. Kg1 Kg6 45. Kh1 Re2 46. Qxh4 Qxe3 47. Bf4 Qe6 48. Qg3+ Kh7 49. Qh4+ Kg6 50. Qg3+ Kh7 51. Ra7 Bg6 52. Qh4+ Kg8 53. Ra8+ Be8 54.
Qg3 Qf7 55. Kh2 Re6 56. Bd6 Kh7 57. Qh4+ Qh5 58. Qg3 Bg6 59. Bc5 Re2 60. Qb8 Re8 61. Qb7 Rxa8 62. Qxa8 Qf5 63. Qxc6 Qf4+ 64. Kg1 Qc1+ 65.
Kh2 Qf4+ 66. Kg1 Bf7 67. Bb4 Qe3+ 68. Kh2 Qf4+ 69. Kg1 Qe3+ 70. Kh2 Be6 71. Qd6 Bf5 72. Qg3 Qd2 73. Bf8 Bg6 74. Bb4 Qe3 75. Qc7 Qe2 76.
Bf8 Kh6 77. Qxg7+ Kg5 78. Qh6+ Kf5 79. Bd6 Bf7 80. Qf4+ Ke6 81. Bb8 Qd3 82. Qd6+ Kf5 83.
Qf4+ Kg6 84. Qg4+ Kh7 85. Qh4+ Kg7 86. Qg3+ Bg6 87. Qe1 Qf5 88. Bg3 Bf7 89. Qe3 Qc2 90.
Bh4 Bg6 91. Qf4 Qf5 92. Qxf5 Bxf5 93. Bf2 Bd3 94. g4 Kg6 95. Kg3 Be2 96. h4 f5 97.
h5+ Kf6 98. Be3 fxg4 99. fxg4 Kg7 100. Kh4 Kh7 101. g5 Kg7 102. Bf4 Bd3 103. Be5+ Kh7 104. g6+ Kh6 105. Bf4+ Kg7 106. Kg5 Kg8 107. h6 Bc2 108. h7+ Kf8 109. h8=Q+ Ke7 110. Qe5+ Kd7 111. Qxd5+ Kc8 112. Qc6+ Kd8 113. Qc7+ Ke8 114. Bd6 Bxg6 115. Qe7# 1-0

[Event "*** SCC Grand Prix: Titled Tuesday Blitz"]
[Site "Chess.com"]
[Date "2020.10.13"]
[Round "8"]
[White "KarstenHansch"]
[Black "nitpicker"]
[Result "0-1"]
[WhiteElo "2442"]
[BlackElo "2297"]
[TimeControl "180+1"]
[EndTime "11:27:52 PDT"]
[Termination "nitpicker won by resignation"]

1. e4 d5 2. exd5 Qxd5 3. Nc3 Qd8 4.
d4 Nf6 5. Nf3 c6 6. Bc4 Bf5 7.
O-O e6 8. Bg5 Be7 9. h3 h6 10. Bh4 Nbd7 11. Bb3 O-O 12. Ne2 Ne4 13. Bf6 Nexf6 0-1

[Event "*** SCC Grand Prix: Titled Tuesday Blitz"]
[Site "Chess.com"]
[Date "2020.10.13"]
[Round "8"]
[White "akanga001"]
[Black "salomez"]
[Result "1-0"]
[WhiteElo "1861"]
[BlackElo "2143"]
[TimeControl "180+1"]
[EndTime "11:28:01 PDT"]
[Termination "akanga001 won by resignation"]

1. d4 Nf6 2. c4 g6 3. Nc3 d5 4. Bg5 Ne4 5. Bh4 Nxc3 6. bxc3 Bg7 7. e3 Nc6 8. Nf3 O-O 9. Qa4 Bd7 10. Qa3 e6 11.
Bxd8 1-0

[Event "*** SCC Grand Prix: Titled Tuesday Blitz"]
[Site "Chess.com"]
[Date "2020.10.13"]
[Round "8"]
[White "Omk124"]
[Black "temus_galaktionov"]
[Result "1-0"]
[WhiteElo "2502"]
[BlackElo "2631"]
[TimeControl "180+1"]
[EndTime "11:28:39 PDT"]
[Termination "Omk124 won by resignation"]

1. e4 c6 2. c4 g6 3. d4 d6 4. Nc3 Nd7 5. Nf3 Bg7 6. Be2 e5 7. O-O Ngf6 8. h3 O-O 9. Be3 Qe7 10.
Qd2 exd4 11. Bxd4 Nxe4 12. Nxe4 Qxe4 13. Bxg7 Kxg7 14. Rfe1 Ne5 15. Qxd6 Nxf3+ 16. Bxf3 Qxc4 17. Re7 Bf5 18. Rxb7 Rab8 19. Rxb8 1-0

[Event "*** SCC Grand Prix: Titled Tuesday Blitz"]
[Site "Chess.com"]
[Date "2020.10.13"]
[Round "8"]
[White "kinga2008"]
[Black "KatarinaOstojic"]
[Result "0-1"]
[WhiteElo "2179"]
[BlackElo "2318"]
[TimeControl "180+1"]
[EndTime "11:29:07 PDT"]
[Termination "KatarinaOstojic won by resignation"]

1. e4 c5 2. Nf3 d6 3. c3 Nf6 4. Bd3 Nc6 5. Bc2 g6 6. O-O Bg4 7. h3 Bxf3 8. Qxf3 Bg7 9. d3 O-O 10.
Bf4 Rc8 11. Nd2 b5 12. a4 b4 13. Rfd1 Nd7 14. Nb1 Qa5 15. Bd2 Rb8 16. Qe3 b3 17. c4 Qc7 18. Bxb3 Rxb3 19. Bc3 Nd4 20. Nd2 Rxc3 21. bxc3 Nc2 22. Qe2 Nxa1 23. Rxa1 Bxc3 24. Rb1 Rb8 25. Rxb8+ Qxb8 26. f4 Qb2 0-1

[Event "*** SCC Grand Prix: Titled Tuesday Blitz"]
[Site "Chess.com"]
[Date "2020.10.13"]
[Round "8"]
[White "PavelChernomordik"]
[Black "UCantHandleDenker"]
[Result "0-1"]
[WhiteElo "2325"]
[BlackElo "2533"]
[TimeControl "180+1"]
[EndTime "11:29:19 PDT"]
[Termination "UCantHandleDenker won by resignation"]

1. e4 d6 2. d4 Nf6 3. Nc3 e5 4. Nf3 Nbd7 5. Bc4 Be7 6. Bxf7+ Kxf7 7. Ng5+ Kg8 8. Ne6 Qe8 9. Nxc7 Qg6 10. O-O Rb8 11.
Be3 h6 12. dxe5 dxe5 13. Bxa7 Kh7 14. Bxb8 Nxb8 15. f3 Nc6 16. N7d5 Bc5+ 17. Kh1 Rf8 18. Qd3 Nh5 19. Na4 Ng3+ 20. hxg3 0-1

[Event "*** SCC Grand Prix: Titled Tuesday Blitz"]
[Site "Chess.com"]
[Date "2020.10.13"]
[Round "8"]
[White "Ariadna_Atreides"]
[Black "Pashinskiy_Mikhail"]
[Result "0-1"]
[WhiteElo "2051"]
[BlackElo "2351"]
[TimeControl "180+1"]
[EndTime "11:29:23 PDT"]
[Termination "Pashinskiy_Mikhail won by resignation"]

1. d4 d6 2. Nf3 Bg4 3. c4 Bxf3 4. gxf3 Nd7 5. d5 g6 6. Be3 Bg7 7. Bd4 Ngf6 8. Nc3 O-O 9. Qd2 c5 10. Be3 Ne5 11. b3 a6 12. Bh6 Bxh6 13. Qxh6 b5 14. cxb5 axb5 15. Qd2 b4 16. Ne4 c4 17. Nxf6+ exf6 18. bxc4 Re8 19. Qf4 Nd3+ 0-1

[Event "*** SCC Grand Prix: Titled Tuesday Blitz"]
[Site "Chess.com"]
[Date "2020.10.13"]
[Round "8"]
[White "paulrusan"]
[Black "KyrgyzFighter"]
[Result "1-0"]
[WhiteElo "2243"]
[BlackElo "2374"]
[TimeControl "180+1"]
[EndTime "11:29:43 PDT"]
[Termination "paulrusan won by resignation"]

1. e4 e6 2. Nf3 d5 3. e5 c5 4. b4 cxb4 5. a3 Nc6 6. axb4 Bxb4 7. c3 Be7 8. d4 Nh6 9. Bd3 Nf5 10. O-O O-O 11. g4 Nh4 12. Nxh4 Bxh4 13. f4 f6 14. exf6 Bxf6 15. g5 Be7 16. Qh5 g6 17. Bxg6 hxg6 18. Qxg6+ Kh8 19. Rf3 e5 20. Qh6+ Kg8 21. g6 Rf7 22. gxf7+ Kxf7 23. fxe5+ Ke8 24. e6 Qd6 25. Qh8+ Bf8 26. Ba3 1-0

[Event "*** SCC Grand Prix: Titled Tuesday Blitz"]
[Site "Chess.com"]
[Date "2020.10.13"]
[Round "8"]
[White "allvim"]
[Black "Obito24"]
[Result "1-0"]
[WhiteElo "2317"]
[BlackElo "2501"]
[TimeControl "180+1"]
[EndTime "11:29:44 PDT"]
[Termination "allvim won by resignation"]

1. e4 e5 2. Nf3 Nc6 3. Bc4 Nf6 4.
O-O Bc5 5. d4 Nxd4 6. Nxe5 O-O 7. Be3 Ne6 8. Bxe6 Bxe3 9. Nxf7 Rxf7 10. Bxf7+ Kxf7 11. fxe3 Qe7 12. Nc3 Kg8 13. Nd5 Qxe4 14. Rxf6 c6 15. Qf1 1-0

[Event "*** SCC Grand Prix: Titled Tuesday Blitz"]
[Site "Chess.com"]
[Date "2020.10.13"]
[Round "8"]
[White "redbaron8888"]
[Black "ChronicUnhappiness"]
[Result "1-0"]
[WhiteElo "2518"]
[BlackElo "2350"]
[TimeControl "180+1"]
[EndTime "11:30:06 PDT"]
[Termination "redbaron8888 won by resignation"]

1. Nf3 Nf6 2. g3 d5 3. Bg2 c6 4. b3 g6 5. Bb2 Bg7 6. O-O O-O 7.
d3 Bg4 8. Ne5 Bf5 9. Nd2 Nbd7 10. e4 Bg4 11. Nxg4 Nxg4 12. Bxg7 Nxf2 13. Rxf2 Kxg7 14. exd5 cxd5 15. Bxd5 f5 16. Bxb7 Rb8 17. Bg2 Qb6 18. Nc4 Qd4 19. Rc1 f4 20. c3 Qc5 21.
d4 Qg5 22. Qd2 Rf5 23. Rxf4 1-0

[Event "*** SCC Grand Prix: Titled Tuesday Blitz"]
[Site "Chess.com"]
[Date "2020.10.13"]
[Round "8"]
[White "venus02"]
[Black "RobertoJBM"]
[Result "0-1"]
[WhiteElo "2510"]
[BlackElo "2719"]
[TimeControl "180+1"]
[EndTime "11:30:14 PDT"]
[Termination "RobertoJBM won by checkmate"]

1. e4 c6 2. d4 d5 3. e5 Bf5 4.
h4 Qb6 5. a4 h6 6. a5 Qc7 7. g4 Bd7 8. h5 c5 9. c3 cxd4 10. cxd4 Bxg4 11. f3 Bd7 12. Nc3 e6 13. Nb5 Qd8 14. f4 Nc6 15. Nf3 Nxa5 16. Nd6+ Bxd6 17.
exd6 Nf6 18. Ne5 Nc6 19. Rg1 Rg8 20. f5 Ne4 21. fxe6 Qh4+ 22. Ke2 Qf2+ 23. Kd3 Nb4# 0-1

[Event "*** SCC Grand Prix: Titled Tuesday Blitz"]
[Site "Chess.com"]
[Date "2020.10.13"]
[Round "8"]
[White "janumber1"]
[Black "tk22h"]
[Result "0-1"]
[WhiteElo "2168"]
[BlackElo "2312"]
[TimeControl "180+1"]
[EndTime "11:30:19 PDT"]
[Termination "tk22h won by resignation"]

1. e4 e5 2. Nf3 Nc6 3. Bc4 Nf6 4. d3 Be7 5. O-O O-O 6. a4 d5 7. exd5 Nxd5 8. Re1 Bg4 9. h3 Bh5 10. g4 Bg6 11.
Nxe5 Nxe5 12. Rxe5 c6 13. Bxd5 Bd6 14. Bxf7+ Rxf7 15.
Re3 Qh4 16. Rf3 Rxf3 17. Qxf3 Rf8 18. Qg2 Bc5 19. Be3 Bxe3 20. fxe3 Qe1+ 21. Kh2 Rf2 0-1

[Event "*** SCC Grand Prix: Titled Tuesday Blitz"]
[Site "Chess.com"]
[Date "2020.10.13"]
[Round "8"]
[White "vladislavkovalev"]
[Black "esapunov"]
[Result "1-0"]
[WhiteElo "2858"]
[BlackElo "2652"]
[TimeControl "180+1"]
[EndTime "11:30:26 PDT"]
[Termination "vladislavkovalev won by resignation"]

1. e4 c5 2. Be2 Nc6 3. d3 g6 4. f4 Bg7 5. Nf3 d6 6. O-O e6 7. c3 Nge7 8. Be3 O-O 9. d4 cxd4 10.
cxd4 f5 11. e5 Nd5 12. Bc1 b6 13. Nc3 Nce7 14. Nb5 dxe5 15. dxe5 Ba6 16. Nbd4 Bxe2 17.
Qxe2 Qd7 18. Ng5 Nc7 19. Rd1 Qc8 20. Qc4 Rd8 21. Be3 b5 22. Qb3 Rd5 23. Ndxe6 Rxd1+ 24. Rxd1 Nxe6 25. Nxe6 Qc4 26. Qxc4 bxc4 27. Rd7 Bf8 28. Nxf8 1-0

[Event "*** SCC Grand Prix: Titled Tuesday Blitz"]
[Site "Chess.com"]
[Date "2020.10.13"]
[Round "8"]
[White "ZverevLev"]
[Black "novocane"]
[Result "0-1"]
[WhiteElo "2293"]
[BlackElo "2286"]
[TimeControl "180+1"]
[EndTime "11:30:27 PDT"]
[Termination "novocane won by resignation"]

1. e4 c5 2. Nf3 Nc6 3. d4 cxd4 4. Nxd4 e5 5. Nb5 d6 6. N1c3 a6 7. Na3 Be7 8. Nd5 Nf6 9. Nxf6+ Bxf6 10. Nc4 O-O 11.
Qxd6 Qxd6 12. Nxd6 Nb4 13. Bd3 Rd8 14. Nxc8 Raxc8 15. O-O Nxc2 16. Bxc2 Rxc2 17. Be3 Rxb2 18. Rfb1 Rxb1+ 19.
Rxb1 b5 20. h3 h6 21. Kf1 Bg5 22. Ke2 Bxe3 23. fxe3 Rc8 24. Rb2 Rc4 25. Kd3 Kh7 26. Rf2 Kg6 27. g4 Ra4 28. h4 f6 29. Rg2 Ra3+ 0-1